 Dungeon Crawl Stone Soup version 0.18-a0-1024-gf1736fb (webtiles) character file.

148337 M4edhros the Fetichist (level 17, -3/109 HPs)
             Began as an Octopode Artificer on Jan 6, 2016.
             Was the Champion of Okawaru.
             Hit by a large rock thrown by a cyclops (40 damage)
             ... on level 15 of the Dungeon on Jan 7, 2016.
             The game lasted 02:48:10 (32459 turns).

M4edhros the Fetichist (Octopode Artificer)        Turns: 32459, Time: 02:48:11

Health: -3/109     AC:  4    Str: 10 (12) XL:     17   Next: 48%
Magic:  28/28      EV: 18    Int: 30 (32) God:    Okawaru [******]
Gold:   2396       SH: 10    Dex:  9 (10) Spells: 1 memorised, 10 levels left

rFire  + . .     SeeInvis +     i - +8 hunting sling "Edionk" {velocity, rPois MR+ Int+3}
rCold  + . .     Gourm    .     p - +3 buckler of the Grue {Int+7 Slay+3 SInv}
rNeg   . . .     Faith    +     L - +2 hat {MR+}
rPois  +         Spirit   .     H - amulet of faith
rElec  .         Dismiss  .     n - ring of protection from magic
rCorr  .         Reflect  .     E - ring of wizardry
SustAt .         Harm     .     (no ring)
MR     +++++     Clarity  +     l - ring of protection from magic
Stlth  +++++++...               S - +6 ring of slaying
                                b - +2 ring of evasion
                                X - ring of protection from cold
                                (no ring)

@: almost entirely resistant to hostile enchantments, extremely stealthy
A: almost no armour, amphibious, 8 rings, constrict 8, molten scales 1,
camouflage 1, clarity, clumsy 1, deterioration 2, fire resistance 1, magic
resistance 1, screaming 1, strong 1, gelatinous body 1
a: Heroism, Finesse, Renounce Religion


You were on level 15 of the Dungeon.
You worshipped Okawaru.
Okawaru was exalted by your worship.
You were hungry.

You visited 4 branches of the dungeon, and saw 28 of its levels.
You also visited: Ice Cave and Volcano.

You collected 2396 gold pieces.

Inventory:

Hand Weapons
 i - the +8 hunting sling "Edionk" (weapon) {velocity, rPois MR+ Int+3}
   (Okawaru gifted it to you on level 13 of the Dungeon)

   Any stone fired from it inflicts extra damage.
   It affects your intelligence (+3).
   It protects you from poison.
   It affects your resistance to hostile enchantments.
 J - a +6 eveningstar of protection
 T - the +7 rapier of Instinct {pierce, *Rage rElec MR+ Str+4 SInv}
   (You found it on level 3 of the Swamp)

   It inflicts extra damage upon your enemies.
   It affects your strength (+4).
   It insulates you from electricity.
   It affects your resistance to hostile enchantments.
   It lets you see invisible.
   It may make you go berserk in combat.
Missiles
 g - 619 stones (quivered)
 M - 86 sling bullets
 Z - 7 curare-tipped needles
Armour
 p - the +3 buckler of the Grue (worn) {Int+7 Slay+3 SInv}
   (Okawaru gifted it to you on level 14 of the Dungeon)

   It affects your intelligence (+7).
   It affects your accuracy and damage with ranged weapons and melee attacks
   (+3).
   It lets you see invisible.
 L - a +2 hat of magic resistance (worn)
Rods
 r - a +5 lightning rod (10/10)
   (Xom gifted it to you on level 5 of the Dungeon)
 u - a +9 rod of the swarm (15/15)
   (You acquired it on level 12 of the Dungeon)
 z - a +3 rod of shadows (10/10)
   (You acquired it on level 6 of the Dungeon)
Jewellery
 b - a +2 ring of evasion (on tentacle)
 f - an uncursed ring of resist corrosion
 l - a ring of protection from magic (on tentacle)
 n - a ring of protection from magic (left tentacle)
 t - a +4 amulet of reflection
 E - a ring of wizardry (right tentacle)
 G - a +2 amulet of reflection
 H - an amulet of faith (around mantle)
 K - an uncursed amulet of regeneration
 S - a +6 ring of slaying (on tentacle)
 X - a ring of protection from cold (on tentacle)
Wands
 a - a wand of enslavement (8/24)
 x - a wand of lightning (7/15)
 y - a wand of slowing (8/48)
 C - a wand of teleportation (3/9)
 Q - a wand of paralysis (5/24)
 Y - a wand of disintegration (16/24)
Scrolls
 e - 3 scrolls of enchant weapon
 q - a scroll of remove curse
 w - a scroll of recharging
 F - a scroll of summoning
 N - 2 scrolls of fear
Potions
 j - 2 potions of agility
 k - a potion of haste
 m - a potion of lignification
 o - 5 potions of curing
 v - 2 potions of resistance
 B - 2 potions of heal wounds
 O - a potion of cure mutation
 W - a potion of might
Miscellaneous
 s - a box of beasts
Comestibles
 c - a bread ration
 d - a slice of pizza
 h - 2 beef jerkies
 D - 9 meat rations


   Skills:
 + Level 8.0 Fighting
 - Level 1.0 Short Blades
 + Level 13.0 Slings
 + Level 11.5 Dodging
 - Level 14.3 Stealth
 - Level 14.8 Shields
 + Level 2.8 Transmutations
 + Level 2.6 Earth Magic
 * Level 15.6 Evocations


You had 10 spell levels left.
You knew the following spells:

 Your Spells              Type           Power        Failure   Level  Hunger
a - Statue Form           Trmt/Erth      ###......    99%         6    #######


Dungeon Overview and Level Annotations

Branches:
Dungeon (15/15)            Temple (1/1) D:7            Lair (8/8) D:11
  Swamp (4/4) Lair:3        Snake (0/4) Lair:5        Slime (0/6) Lair:7
    Orc (0/2) D:12         Vaults (0/5) D:14         Depths (0/5) D:15

Altars:
Ashenzari
Cheibriados
Dithmenos
Elyvilon
Fedhas
Gozag
Kikubaaqudgha
Makhleb
Nemelex Xobeh
Okawaru
Pakellas
Qazlal
Ru
Sif Muna
Trog
Vehumet
Xom
Yredelemnul
Zin
The Shining One
Jiyva

Annotations:
Swamp:3 Mara


Innate Abilities, Weirdness & Mutations

You cannot wear most types of armour.
You are amphibious.
You can wear up to eight rings at the same time.
You can use your tentacles to constrict eight enemies at once.
Your skin changes colour to match your surroundings (Stealth).
Your rubbery body absorbs attacks (AC +1).
You are partially covered in molten scales (AC +1).
You possess an exceptional clarity of mind.
You are clumsy. (Dex -2)
Your body often deteriorates upon taking damage.
Your flesh is heat resistant.
You are resistant to hostile enchantments.
You occasionally shout uncontrollably at your foes.
Your muscles are strong. (Str +2)


Message History

The cyclops is heavily wounded.
Firing (i - inventory. (,) - cycle):
g - 622 stones (quivered)
Press: ? - help, Shift-Dir - straight line, f/p - cyclops
Aim: a cyclops (heavily wounded)
You shoot a stone.
The stone completely misses the cyclops.
The cyclops throws a large rock.
You block the large rock.
Firing (i - inventory. (,) - cycle):
g - 621 stones (quivered)
Press: ? - help, Shift-Dir - straight line, f/p - cyclops
Aim: a cyclops (heavily wounded)
You shoot a stone.
The stone hits the cyclops but does no damage.
The cyclops is heavily wounded.
Firing (i - inventory. (,) - cycle):
g - 620 stones (quivered)
Press: ? - help, Shift-Dir - straight line, f/p - cyclops
Aim: a cyclops (heavily wounded)
You shoot a stone. The stone hits the cyclops!
The cyclops is severely wounded.
The cyclops throws a large rock.
The large rock hits you!!!
You die...

#.##########.###. #.#
#.# #. #.# #.# #.
#<##########.###.
#............#...
#.########.....#.
##..........#####<
#######...#######.# ##
#......@#...# #.# #
#.#####...#.# ###.### #
#.# ##.##.# #.....# #
#.######.##.###.###.####
#.....##.##.#...# #.....
#.###.##.##..###########
#.# #.##.#.)##.....## #
#.# #.##C#.##.......## #
#.###.##.)(#.)#####..###


You could see a cyclops.

Vanquished Creatures
  Jorgrun (Swamp:2)
  Frances (D:14)
  A thorn hunter (Swamp:3)
  Roxanne (Swamp:3)
  Aizul (Swamp:3)
  10 hydras
  An ogre mage (D:15)
  2 catoblepae
  2 centaur warriors
  Erolcha (D:8)
  A deep troll shaman (Lair:8)
  7 alligators
  5 death yaks
  2 tengu warriors
  4 spriggans
  Urug (Lair:3)
  Sonja (Lair:3)
  Nergalle (Lair:4)
  3 unseen horrors
  2 skeletal warriors (D:15)
  8 swamp dragons
  4 hill giants
  5 ugly things
  4 wizards (D:15)
  3 griffons
  2 cyclopes (D:13)
  6 elephants
  A centaur zombie (D:10)
  3 black mambas
  An ice statue (IceCv)
  A torpor snail (Lair:7)
  2 gargoyles (D:15)
  19 spiny frogs
  A kobold demonologist (D:12)
  9 komodo dragons
  2 fire drakes
  2 tengu conjurers
  2 freezing wraiths
  3 trolls
  A merfolk (D:9)
  9 polar bears
  4 two-headed ogres
  3 slime creatures (Swamp:3)
  7 bog bodies
  4 giant leeches
  2 boulder beetles
  11 blink frogs
  A trapdoor spider (D:15)
  4 wraiths (Lair:5)
  2 water elementals (D:15)
  A vampire (D:14)
  3 wyverns
  3 shadows
  3 basilisks
  3 fire elementals (D:15)
  69 yaks
  6 hippogriffs
  2 fire bats (Volcano)
  22 vampire mosquitoes
  27 wolves
  2 mottled dragons
  2 nagas (Lair:5)
  18 swamp worms
  8 water moccasins
  4 hell hounds
  18 porcupines
  4 swamp drakes
  12 orc warriors
  4 ice beasts
  A sky beast (D:9)
  9 ogres
  3 black bears
  3 phantoms
  An eye of draining (D:14)
  9 wasps
  13 centaurs
  The ghost of M4edhros the Charlatan, an amateur OpAr (D:4)
  20 crocodiles
  21 giant frogs
  A wyvern zombie (D:14)
  A big kobold (D:10)
  11 orc priests
  A gnoll sergeant (D:11)
  A scorpion (D:10)
  2 water moccasin skeletons (D:9)
  12 killer bees
  3 wights (D:7)
  An electric eel (D:12)
  4 lava snakes (Volcano)
  4 crimson imps
  2 giant frog zombies
  A quasit (D:10)
  3 centaur skeletons
  2 giant frog skeletons
  4 hounds
  5 jellies
  16 orc wizards
  Jessica (D:3)
  5 iguanas
  10 worker ants
  19 sheep
  A hound zombie (D:6)
  A worker ant zombie (D:6)
  6 gnolls (D:11)
  11 adders
  63 river rats
  3 shadow imps
  4 white imps (D:13)
  3 oozes
  2 adder zombies
  3 worms
  12 giant geckos
  50 orcs
  6 giant cockroaches
  8 goblins
  7 hobgoblins
  5 jackals
  9 kobolds
  8 quokkas
  9 bats
  A giant gecko skeleton (D:5)
  A giant gecko zombie (D:6)
  4 giant newts
  A jackal zombie (D:6)
  5 rats
  A fungus (Lair:7)
  A plant (Lair:7)
800 creatures vanquished.

Vanquished Creatures (collateral kills)
  3 thorn hunters
  A frost giant (IceCv)
  A very ugly thing (Swamp:3)
  A dire elephant (Lair:8)
  Azrael (D:15)
  Josephine (Lair:5)
  Fannar (Lair:3)
  3 hydras
  A ghost crab (Swamp:2)
  A death knight (D:15)
  5 death yaks
  2 tengu warriors
  2 skeletal warriors
  A spriggan druid (Swamp:4)
  A shambling mangrove (Swamp:1)
  A wizard (D:14)
  A hill giant (D:11)
  2 swamp dragons (Swamp:4)
  An orc sorcerer (Volcano)
  An oklob plant (Lair:7)
  2 elephants (Lair:7)
  A griffon (D:14)
  2 ugly things (D:14)
  2 gargoyles
  A centaur skeleton (D:14)
  An efreet (D:13)
  2 komodo dragons (Lair:7)
  4 trolls
  10 polar bears (IceCv)
  A freezing wraith (D:14)
  2 blink frogs (Lair:1)
  2 bog bodies
  6 spriggans
  A shadow (Swamp:4)
  A water elemental (D:12)
  2 wraiths
  A wyvern (D:13)
  12 yaks
  A fire elemental (D:15)
  Grum (D:8)
  2 hippogriffs
  8 vampire mosquitoes
  4 insubstantial wisps (Swamp:2)
  8 wolves
  3 swamp worms
  A hell hound (D:15)
  A soldier ant (shapeshifter) (D:13)
  A swamp drake (Swamp:3)
  2 sky beasts
  6 wasps
  An orc warrior (Volcano)
  An ice beast (D:13)
  A phantom (D:8)
  2 ogres
  A centaur (D:14)
  2 crocodiles
  4 jellies (Lair:7)
  A hound (D:8)
  An iguana (Lair:3)
  A worker ant (D:8)
  5 sheep
  A shadow imp (D:5)
  A white imp (D:13)
  An adder skeleton (D:8)
  A giant gecko (D:4)
  13 orcs
  2 jackals (D:5)
  A quokka (D:12)
  3 briar patches (Swamp:3)
  A fungus (Lair:7)
166 creatures vanquished.

Vanquished Creatures (others)
  2 polar bears (IceCv)
  3 yaks (IceCv)
  A wolf (IceCv)
  An orc warrior (Volcano)
  An orc wizard (D:4)
  5 briar patches
  11 fungi
  21 plants
45 creatures vanquished.

Grand Total: 1011 creatures vanquished

Notes
Turn   | Place    | Note
--------------------------------------------------------------
     0 | D:1      | M4edhros the Octopode Artificer began the quest for the Orb.
     0 | D:1      | Reached XP level 1. HP: 13/13 MP: 3/3
   145 | D:1      | Reached XP level 2. HP: 13/18 MP: 4/4
   988 | D:2      | Reached XP level 3. HP: 2/23 MP: 5/5
  1590 | D:4      | Found a sand-covered staircase.
  1610 | D:4      | Found a sparkling altar of Nemelex Xobeh.
  1611 | D:4      | Found a shadowy altar of Dithmenos.
  1612 | D:4      | Found a sacrificial altar of Ru.
  1613 | D:4      | Found a burning altar of Makhleb.
  1614 | D:4      | Found a basalt altar of Yredelemnul.
  1778 | D:4      | Noticed M4edhros's ghost (amateur OpAr)
  1836 | D:4      | Reached XP level 4. HP: 8/28 MP: 6/6
  1836 | D:4      | Killed M4edhros's ghost
  1836 | D:4      | Reached skill level 4 in Stealth
  1836 | D:4      | Reached XP level 5. HP: 9/33 MP: 6/8
  1838 | D:4      | HP: 1/33 [orc wizard/magic dart (9)]
  2082 | D:4      | Reached skill level 5 in Stealth
  2198 | D:5      | Entered Level 5 of the Dungeon
  2210 | D:5      | Found a glowing silver altar of Zin.
  2211 | D:5      | Noticed an angel
  2211 | D:5      | Found a shimmering altar of Xom.
  2247 | D:5      | Noticed an ice beast
  2271 | D:5      | Became a worshipper of Xom of Many Doors
  2298 | D:5      | Reached XP level 6. HP: 18/38 MP: 9/9
  2304 | D:5      | XOM: potion effect (curing)
  2377 | D:5      | Found a white marble altar of Elyvilon.
  2392 | D:5      | XOM: divination: detect items
  2422 | D:5      | XOM: silly message
  2426 | D:5      | Reached skill level 6 in Stealth
  2430 | D:5      | XOM: smoke on damage
  2628 | D:5      | Killed an ice beast
  2628 | D:5      | Reached XP level 7. HP: 15/43 MP: 10/10
  2629 | D:5      | XOM: god gift: gnarled smoking rod {god gift}
  2875 | D:6      | Reached skill level 5 in Dodging
  3127 | D:6      | Reached skill level 1 in Shields
  3127 | D:6      | Reached skill level 5 in Evocations
  3127 | D:6      | Reached skill level 7 in Stealth
  3216 | D:6      | XOM: divination: detect items
  3252 | D:6      | Found a snail-covered altar of Cheibriados.
  3295 | D:6      | Identified a scroll of acquirement
  3297 | D:6      | Identified a +3 rod of shadows (10/10) (You acquired it on level 6 of the Dungeon)
  3321 | D:6      | Reached XP level 8. HP: 39/48 MP: 12/12
  3741 | D:6      | XOM: mild Divn miscast
  3983 | D:7      | Found a staircase to the Ecumenical Temple.
  4014 | D:7      | XOM: cast spell 'Spider Form'
  4049 | Temple   | Entered the Ecumenical Temple
  4596 | D:3      | Noticed Jessica
  4598 | D:3      | Killed Jessica
  4601 | D:3      | Found a stormy altar of Qazlal.
  4631 | D:3      | Reached skill level 8 in Stealth
  4731 | D:3      | XOM: enchant monster (good)
  4766 | D:3      | XOM: god gift: mace {god gift}
  4934 | D:3      | XOM: vitrification
  5057 | D:2      | XOM: noise
  5108 | D:2      | XOM: 2-stop teleportation journey
  5556 | D:2      | Found an oddly glowing altar of Pakellas.
  5612 | D:2      | XOM: give mutations
  5612 | D:2      | Gained mutation: Your mind is acute. (Int +2) [Xom's grace]
  5612 | D:2      | Gained mutation: You are somewhat resistant to further mutation. [Xom's grace]
  5612 | D:2      | Gained mutation: You can translocate small distances at will. [Xom's grace]
  5612 | D:2      | Gained mutation: You are somewhat resistant to both further mutation and mutation removal. [Xom's grace]
  5809 | D:7      | XOM: scenery: create altars
  5937 | D:8      | Noticed Erolcha
  5952 | D:8      | XOM: cast spell 'Statue Form'
  6006 | D:8      | Found a shattered altar of Ashenzari.
  6006 | D:8      | Found a blossoming altar of Fedhas.
  6014 | D:8      | XOM: summons 5 friendly demons
  6018 | D:8      | Killed Erolcha
  6018 | D:8      | Reached skill level 1 in Slings
  6018 | D:8      | Reached skill level 5 in Shields
  6018 | D:8      | Reached XP level 9. HP: 53/53 MP: 14/14
  6057 | D:8      | Found an opulent altar of Gozag.
  6073 | D:8      | Found an iron altar of Okawaru.
  6149 | D:8      | Noticed Grum
  6156 | D:8      | XOM: summons 9 friendly demons
  6161 | D:8      | XOM: swap monsters
  6187 | D:8      | Killed Grum
  6187 | D:8      | Reached skill level 9 in Stealth
  6231 | D:8      | XOM: 1-stop teleportation journey
  6253 | D:8      | XOM: god gift: 21 sling bullets of frost
  6283 | D:8      | Found an ancient bone altar of Kikubaaqudgha.
  6326 | D:8      | XOM: 1-stop teleportation journey
  6389 | D:8      | XOM: medium Divn miscast
  6417 | D:8      | Fell from the grace of Xom
  6417 | D:8      | Became a worshipper of Warmaster Okawaru
  6835 | D:8      | XOM: give mutations
  6835 | D:8      | Lost mutation: Your mind is acute. (Int +2) [Xom's mischief]
  6835 | D:8      | Gained mutation: Your magical capacity is low (-10% MP). [Xom's mischief]
  6835 | D:8      | Gained mutation: You occasionally shout uncontrollably at your foes. [Xom's mischief]
  6835 | D:8      | Lost mutation: You occasionally shout uncontrollably at your foes. [Xom's mischief]
  7112 | D:9      | XOM: summons 6 hostile demons
  7113 | D:9      | Noticed a sixfirhy
  7117 | D:9      | Noticed a troll
  7130 | D:8      | XOM: medium Fire miscast
  7143 | D:8      | Reached XP level 10. HP: 17/58 MP: 14/14
  7299 | D:9      | XOM: summons 2 hostile shadow creatures
  7376 | D:9      | Reached * piety under Okawaru
  7538 | D:9      | Found an opulent altar of Gozag.
  7626 | D:9      | XOM: give mutation
  7626 | D:9      | Lost mutation: Your magical capacity is low (-10% MP). [Xom's mischief]
  7654 | D:9      | Found a sacrificial altar of Ru.
  7670 | D:9      | Reached ** piety under Okawaru
  7740 | D:9      | XOM: blink monster(s)
  7894 | D:9      | Reached skill level 10 in Stealth
  7921 | D:10     | Entered Level 10 of the Dungeon
  8087 | D:10     | Lost mutation: You are somewhat resistant to both further mutation and mutation removal. [potion of cure mutation]
  8087 | D:10     | Lost mutation: You can translocate small distances at will. [potion of cure mutation]
  8087 | D:10     | Lost mutation: You are somewhat resistant to further mutation. [potion of cure mutation]
  8089 | D:10     | Gained mutation: You are partially covered in molten scales (AC +1). [potion of mutation]
  8089 | D:10     | Gained mutation: You occasionally shout uncontrollably at your foes. [potion of mutation]
  8089 | D:10     | Gained mutation: You expend magic power (3 MP) to strengthen your wands. [potion of mutation]
  8090 | D:10     | Gained mutation: Your flesh is heat resistant. [potion of mutation]
  8090 | D:10     | Gained mutation: Your mind is acute. (Int +2) [potion of mutation]
  8090 | D:10     | Gained mutation: You are somewhat resistant to further mutation. [potion of mutation]
  8093 | D:10     | Gained mutation: One of your tentacles bears a spike. [potion of mutation]
  8256 | D:10     | Reached skill level 5 in Slings
  8355 | D:10     | Reached *** piety under Okawaru
  8392 | D:10     | Reached XP level 11. HP: 44/63 MP: 18/18
  8401 | D:10     | XOM: medium Summ miscast
  8402 | D:10     | Noticed a sun demon
  8403 | D:11     | Found a staircase to the Lair.
  8415 | D:11     | Reached skill level 10 in Evocations
  8612 | D:11     | Noticed a four-headed hydra
  8632 | D:11     | Noticed a hill giant
  8690 | D:11     | Killed a hill giant
  8793 | D:11     | Killed a four-headed hydra
  8793 | D:11     | Reached **** piety under Okawaru
  9045 | D:11     | Noticed a tengu warrior
  9449 | D:10     | XOM: medium Summ miscast
  9461 | D:11     | Killed a tengu warrior
  9461 | D:11     | Reached ***** piety under Okawaru
  9471 | D:11     | Noticed a hill giant
  9476 | D:11     | Killed a hill giant
  9558 | D:11     | XOM: noise
  9656 | D:12     | Noticed a soul eater
  9657 | D:12     | Noticed a sixfirhy
  9660 | D:12     | Reached skill level 11 in Stealth
  9883 | D:12     | Received a gift from Okawaru
  9892 | D:12     | Noticed a hill giant
  9897 | D:12     | Killed a hill giant
  9902 | D:12     | Noticed an unseen horror
  9904 | D:12     | Noticed a green ugly thing
  9912 | D:12     | Reached XP level 12. HP: 68/68 MP: 20/20
 10019 | D:12     | Identified a +9 rod of the swarm (14/14) (You acquired it on level 12 of the Dungeon)
 10266 | D:12     | XOM: severe Erth miscast
 10479 | D:12     | Found a staircase to the Orcish Mines.
 10586 | D:13     | Noticed a centaur warrior
 10604 | D:13     | Killed a centaur warrior
 10685 | D:13     | Noticed a four-headed hydra
 10699 | D:13     | Killed a four-headed hydra
 10699 | D:13     | Received a gift from Okawaru
 10709 | D:13     | Got a scorched hunting sling {god gift}
 10710 | D:13     | Identified the +8 hunting sling "Edionk" {velocity, rPois MR+ Int+3} (Okawaru gifted it to you on level 13 of the Dungeon)
 10714 | D:13     | XOM: 2-stop teleportation journey
 10728 | D:13     | Found a frozen archway.
 10802 | IceCv    | Entered an ice cave
 10893 | IceCv    | Reached ****** piety under Okawaru
 11143 | IceCv    | XOM: polymorph wolf -> hell hound
 11235 | IceCv    | XOM: mild Divn miscast
 11471 | IceCv    | Reached skill level 10 in Shields
 11525 | IceCv    | Received a gift from Okawaru
 11526 | IceCv    | Got a blackened longbow {god gift}
 11539 | IceCv    | XOM: summons 1 hostile demon
 11749 | IceCv    | Reached skill level 12 in Stealth
 11875 | IceCv    | Received a gift from Okawaru
 11878 | IceCv    | Reached XP level 13. HP: 44/76 MP: 22/22
 12053 | IceCv    | XOM: mild Chrm miscast
 12081 | IceCv    | Noticed a frost giant
 12090 | IceCv    | Killed a frost giant
 12267 | IceCv    | XOM: noise
 12463 | D:12     | Lost mutation: You expend magic power (3 MP) to strengthen your wands. [potion of cure mutation]
 12463 | D:12     | Lost mutation: Your mind is acute. (Int +2) [potion of cure mutation]
 12486 | D:13     | Gained mutation: You possess an exceptional clarity of mind. [potion of beneficial mutation]
 12511 | D:13     | XOM: 3-stop teleportation journey
 13092 | D:13     | XOM: give mutation
 13092 | D:13     | Gained mutation: Your spells are a little harder to cast, but a little more powerful. [Xom's grace]
 13211 | D:13     | XOM: medium Ice miscast
 13698 | D:14     | Found a gate to the Vaults.
 13702 | D:14     | XOM: enchant monster (bad)
 13808 | D:14     | Received a gift from Okawaru
 13856 | D:14     | XOM: mild Erth miscast
 13876 | D:14     | XOM: medium Erth miscast
 14058 | D:14     | Received a gift from Okawaru
 14091 | D:14     | Lost mutation: Your spells are a little harder to cast, but a little more powerful. [mutagenic meat]
 14177 | D:14     | Noticed Frances
 14221 | D:14     | Upgraded the game from 0.18-a0-1014-g3bbf375 to 0.18-a0-1024-gf1736fb
 14334 | Lair:1   | Entered Level 1 of the Lair of Beasts
 14449 | Lair:1   | Received a gift from Okawaru
 14564 | Lair:1   | Reached skill level 10 in Slings
 14682 | Lair:1   | XOM: give mutation
 14682 | Lair:1   | Lost mutation: You are somewhat resistant to further mutation. [Xom's mischief]
 14683 | Lair:1   | Received a gift from Okawaru
 15357 | Lair:2   | XOM: summons 5 hostile demons
 15357 | Lair:2   | Was forgiven by Xom
 16236 | Lair:3   | Reached XP level 14. HP: 58/86 MP: 23/23
 16270 | Lair:3   | Noticed Fannar
 16321 | Lair:3   | Killed Fannar
 16321 | Lair:3   | Reached skill level 13 in Evocations
 16729 | Lair:3   | Found a staircase to the Swamp.
 16771 | Lair:3   | Reached skill level 5 in Fighting
 17168 | Lair:3   | Noticed Sonja
 17230 | Lair:3   | Killed Sonja
 17243 | Lair:3   | Noticed Urug
 17251 | Lair:3   | Killed Urug
 18116 | Lair:4   | Found a dark tunnel.
 18125 | Volcano  | Entered a volcano
 18215 | Volcano  | Found a radiant altar of Vehumet.
 18297 | Volcano  | Received a gift from Okawaru
 18567 | Lair:4   | Noticed Nergalle
 18576 | Lair:4   | Killed Nergalle
 18728 | Lair:5   | Found a staircase to the Snake Pit.
 18993 | Lair:6   | Reached XP level 15. HP: 51/92 MP: 25/25
 19284 | Lair:7   | Reached skill level 10 in Dodging
 19534 | Lair:7   | Found a runed door.
 19538 | Lair:7   | Found a viscous altar of Jiyva.
 19539 | Lair:7   | Found a staircase to the Slime Pits.
 19845 | Lair:8   | Entered Level 8 of the Lair of Beasts
 20744 | Lair:8   | Got a crystal dire flail
 21074 | Lair:7   | Received a gift from Okawaru
 21090 | Lair:7   | Reached skill level 14 in Evocations
 21090 | Lair:7   | Reached XP level 16. HP: 58/100 MP: 26/26
 22323 | Lair:6   | Received a gift from Okawaru
 23017 | Lair:5   | Found a shattered altar of Ashenzari.
 23044 | Lair:5   | Noticed Josephine
 23057 | Lair:5   | Killed Josephine
 23334 | Swamp:1  | Entered Level 1 of the Swamp
 23829 | Swamp:1  | Noticed a thorn hunter
 23843 | Swamp:1  | Killed a thorn hunter
 23874 | Swamp:1  | Noticed a thorn hunter
 23882 | Swamp:1  | Killed a thorn hunter
 24973 | Swamp:2  | Gained mutation: Your muscles are strong. (Str +2) [potion of mutation]
 24973 | Swamp:2  | Gained mutation: You are resistant to hostile enchantments. [potion of mutation]
 24973 | Swamp:2  | Lost mutation: One of your tentacles bears a spike. [potion of mutation]
 24981 | Swamp:2  | Noticed Jorgrun
 25520 | Swamp:3  | Received a gift from Okawaru
 25533 | Swamp:3  | Got a spiked shield {god gift}
 25550 | Swamp:3  | Noticed Mara
 25568 | Swamp:2  | Identified the +2 shield of the Hidden Places {Dex+4} (Okawaru gifted it to you on level 3 of the Swamp)
 25653 | Swamp:3  | Noticed Aizul
 25841 | Swamp:3  | Noticed a thorn hunter
 26098 | Swamp:2  | Killed Jorgrun
 26260 | Swamp:3  | Got a shimmering rapier
 26261 | Swamp:3  | Identified the +7 rapier of Instinct {pierce, *Rage rElec MR+ Str+4 SInv} (You found it on level 3 of the Swamp)
 26391 | Swamp:3  | Noticed a thorn hunter
 26401 | Swamp:3  | HP: 4/103 [thorn hunter/volley of thorns (27)]
 26420 | Swamp:3  | Killed a thorn hunter
 26456 | Swamp:3  | Gained mutation: Your body sometimes deteriorates upon taking damage. [mutagenic meat]
 26457 | Swamp:3  | Gained mutation: Your body often deteriorates upon taking damage. [mutagenic meat]
 26597 | Swamp:3  | Noticed M4edhros's illusion
 26602 | Swamp:3  | Noticed Roxanne
 26817 | Swamp:3  | Killed Roxanne
 26829 | Swamp:3  | Identified Roxanne's Handbook of Earth and Conjuration (You took it off Roxanne on level 3 of the Swamp)
 26837 | Swamp:3  | Learned a level 6 spell: Statue Form
 26908 | Swamp:4  | Entered Level 4 of the Swamp
 27369 | Swamp:4  | Reached skill level 15 in Evocations
 27405 | Swamp:4  | Reached skill level 1 in Earth Magic
 27420 | Swamp:4  | Reached XP level 17. HP: 46/108 MP: 28/28
 27937 | D:15     | Entered Level 15 of the Dungeon
 27993 | D:14     | Received a gift from Okawaru
 27993 | D:14     | Reached skill level 1 in Transmutations
 27998 | D:14     | Got a fine buckler {god gift}
 28009 | D:14     | Identified the +3 buckler of the Grue {Int+7 Slay+3 SInv} (Okawaru gifted it to you on level 14 of the Dungeon)
 28249 | D:14     | Killed Frances
 28875 | D:15     | HP: 5/108 [tengu warrior/arrow[a tengu warrior] (18)]
 30870 | Swamp:3  | Killed Aizul
 30879 | Swamp:3  | Gained mutation: You are clumsy. (Dex -2) [mutagenic meat]
 31551 | D:15     | Noticed Azrael
 31916 | D:15     | Killed Azrael
 32097 | D:15     | Found a staircase to the Depths.
 32459 | D:15     | Hit by a large rock thrown by a cyclops

Vault maps used:
D:1:      dpeg_arrival_lava_temple_mockup
D:2:      first_bread, grunt_pakellas_sulfur
D:3:      grunt_qazlal_clouds, uniq_jessica
D:4:      grunt_temple_overflow_open, nicolae_ossuary_entry_ruins,
          kennysheep_generic_room_11
D:5:      grunt_temple_overflow_order_and_chaos_1, elyvilon_altar_4
D:6:      lemuel_ice_spiral_2, cheibriados_altar_wand_db, lightli_orcish_oven
D:7:      minmay_temple_entry_grid
D:8:      lemuel_crystal_altar, gammafunk_temple_overflow_forgotten,
          kiku_gazebo_garden_becter, uniq_erolcha, uniq_grum
D:9:      basic_altar, hangedman_fish_farm, nicolae_ru_great_annihilating_truth
D:11:     lair_0_dummy
D:12:     erik_orc_2
D:13:     serial_ice, serial_ice_j, serial_ice_f, serial_ice_d, serial_ice_b,
          serial_ice_c, serial_ice_a, portal_ice_cave_entry_pillars_03
D:14:     david_vaults_1, minivault_23, uniq_frances
D:15:     grunt_enter_depths_magical_seal, serial_bayou_lagoon_a, uniq_azrael
Temple:   nicolae_temple_hex_pool_5
Lair:2:   grunt_megastairs_3, infiniplex_staircase_pool, lemuel_fruit_fields
Lair:3:   minmay_swamp_entry_reptiles, minmay_holes, wad_woods_road_01,
          uniq_sonja, uniq_fannar, uniq_urug
Lair:4:   enter_volcano_4, grunt_forest_large_clearings, serial_bayou_shore_b,
          serial_bayou_shore_b, lemuel_fruit_tree, grunt_megastairs_1,
          lemuel_fruit_fields, uniq_nergalle
Lair:5:   boulder_quad_collide, guppyfry_snake_entry_island, basic_altar,
          lemuel_fruit_fields, uniq_josephine
Lair:6:   grunt_megastairs_4
Lair:7:   slime_altar_2
Lair:8:   grunt_lair_end_beastmaster
Swamp:1:  hangedman_swamp_lotus
Swamp:2:  serial_swamp_ruin, evilmike_swamp_ruin_rubble_1,
          evilmike_swamp_ruin_rubble_2, evilmike_swamp_ruin_house_6,
          swamp_pool4, uniq_jorgrun
Swamp:3:  evilmike_swamp_ruin_house_3, swamp_pool1,
          nicolae_swamp_trees_clearing, uniq_mara, uniq_aizul, uniq_roxanne
Swamp:4:  swamp_alternative
IceCv:    ice_cave_caverns_02
Volcano:  volcano_grotto

Action                   |  1- 3 |  4- 6 |  7- 9 | 10-12 | 13-15 | 16-18 || total
-------------------------+-------+-------+-------+-------+-------+-------++-------
Melee: Short sword       |    96 |     2 |       |     2 |       |       ||   100
       Morningstar       |       |    44 |       |       |       |       ||    44
       Rod               |       |       |    94 |    37 |     4 |       ||   135
       Mace              |       |       |    55 |     2 |       |       ||    57
       Rapier            |       |       |       |   264 |   382 |    39 ||   685
       Eveningstar       |       |       |       |       |       |    94 ||    94
 Fire: Hunting sling     |       |       |     5 |   118 |   505 |   789 ||  1417
Invok: Heroism           |       |       |       |       |       |     2 ||     2
Evoke: Wand              |     8 |    19 |     3 |     4 |     4 |    10 ||    48
       Rod               |       |       |    54 |   106 |   112 |   160 ||   432
       Deck              |       |       |       |       |       |     1 ||     1
  Use: Scroll            |     3 |       |     7 |     6 |    13 |    17 ||    46
       Potion            |       |       |       |    18 |     7 |    14 ||    39
 Stab: Sleeping          |     8 |     2 |    12 |     8 |    25 |       ||    55
       Distracted        |       |     1 |     1 |     5 |     3 |     1 ||    11
       Paralysed         |       |       |       |     1 |       |     4 ||     5
  Eat: Chunk             |     2 |     3 |    13 |    18 |    44 |    33 ||   113
       Meat ration       |       |       |     1 |     1 |       |     6 ||     8
       Beef jerky        |       |       |       |       |     3 |     1 ||     4
       Royal jelly       |       |       |       |       |       |     2 ||     2
